 Dungeon Crawl Stone Soup version 0.31-a0-1338-gb567cfdca4 (webtiles) character file.

Game seed: 1249252391771943350

61 Sabo the Trooper (level 3, -4/29 HPs)
             Began as a Demonspawn Monk on Dec 23, 2023.
             Slain by a gnoll
             ... wielding a +0 spear
              (9 damage)
             ... on level 2 of the Dungeon.
             The game lasted 00:01:53 (396 turns).

Sabo the Trooper (Demonspawn Monk)                   Turns: 396, Time: 00:01:54

Health: -4/29      AC:  2    Str: 13    XL:     3   Next: 83%
Magic:  3/3        EV: 13    Int: 10    God:
Gold:   17         SH:  4    Dex: 15    Spells: 2/2 levels left

rFire   . . .        a - +0 hand axe
rCold   . . .        d - orb {light}
rNeg    . . .        b - +0 robe
rPois   .            (no helmet)
rElec   .            (no cloak)
rCorr   .            (no gloves)
SInv    .            (no boots)
Will    .....        (no amulet)
Stlth   +            (no ring)
HPRegen 0.24/turn    (no ring)
MPRegen 0.08/turn

%: no passive effects
@: glowing
A: powered by death 1, condensation shield
a: no special abilities


You were on level 2 of the Dungeon.
You visited 1 branch of the dungeon, and saw 2 of its levels.

You collected 17 gold pieces.

Inventory:

Hand Weapons
 a - a +0 hand axe (weapon)
Missiles
 f - 2 boomerangs
Armour
 b - a +0 robe (worn)
 d - an orb of light (worn)
Potions
 c - a potion of ambrosia
 e - a potion of curing {unknown}


   Skills:
 + Level 3.6 Fighting
 + Level 3.4 Axes
 + Level 3.2 Dodging


You had 2 spell levels left.
You didn't know any spells.
Your spell library was empty.

Dungeon Overview and Level Annotations

Branches:
Dungeon (1/15)

Altars:


Innate Abilities, Weirdness & Mutations

You regenerate a little health from kills.
A meltable shield of frost defends you. (SH +4)


Message History

You now have 17 gold pieces.
Things that are here:
a +0 short sword; 3 stones; a kobold corpse A gnoll and a jackal come into view.
The gnoll shouts!
The jackal barks!
A jackal comes into view.
Things that are here:
a +0 short sword; 3 stones; a kobold corpse You hit the jackal.
You kill the jackal!
The jackal bites you.
Things that are here:
a +0 short sword; 3 stones; a kobold corpse You hit the jackal but do no damage.
The jackal misses you. The jackal barely misses you.
You hit the jackal.
The jackal is almost dead.
The gnoll barely misses you. The jackal closely misses you.
You barely miss the jackal.
The jackal is almost dead.
The jackal bites you but does no damage.
The gnoll hits you from afar with a +0 spear.
The jackal closely misses you.
You hit the jackal.
You kill the jackal!
The gnoll hits you from afar with a +0 spear.
The gnoll hits you from afar with a +0 spear!
The gnoll barely misses you. The gnoll barely misses you.
You hit the gnoll.
The gnoll is moderately wounded.
The gnoll hits you with a +0 spear.
You hit the gnoll but do no damage.
The gnoll is moderately wounded.
The gnoll hits you with a +0 spear.
* * * LOW HITPOINT WARNING * * *
You hit the gnoll but do no damage.
The gnoll is moderately wounded.
The gnoll hits you with a +0 spear!
You die...

#..#... ..#.#
####.###..
##.P#'
#.....#.##
#...'
####.#.# #
#..P# #.### #
#... #.####.
#.. ###
#.....#
#g####.#
##.###.
#@.)...# #.#
## ######.#
#.# # #.#
#.#### #.#
#.....
#.###########
#.......#
#######.# #.#
#.#


You could see a gnoll.

Vanquished Creatures
  A hound (D:2)
  2 adders (D:2)
  A worm (D:2)
  An endoplasm (D:1)
  A hobgoblin (D:1)
  2 jackals (D:2)
  2 ball pythons
  A frilled lizard (D:2)
  2 kobolds (D:2)
13 creatures vanquished.

Notes
Turn   | Place    | Note
-------+----------+-------------------------------------------
     0 | D:1      | Sabo the Demonspawn Monk began the quest for the Orb.
     0 | D:1      | Reached XP level 1. HP: 18/18 MP: 1/1
   106 | D:1      | You fall into a shaft and drop 1 floor!
   124 | D:2      | Gained mutation: A meltable shield of frost defends you.
                  | (SH +4) [demonic ancestry]
   124 | D:2      | Reached XP level 2. HP: 18/24 MP: 2/2
   279 | D:2      | Gained mutation: You regenerate a little health from kills.
                  | [demonic ancestry]
   279 | D:2      | Reached XP level 3. HP: 23/29 MP: 3/3
   396 | D:2      | Slain by a gnoll

Illustrated notes

Levels and vault maps discovered:
D:1:      elethiomel_arrival_maze, layout_rooms
D:2:      layout_loops_ring, eino_tiny_chamber, grunt_ministairs_10,
          minmay_misc_feat_plants, cheibrodos_gnoll_hut

Skill      XL: |  1  2 |
---------------+-------+-----
Axes           | 3 |  3.4
Dodging        | 3 |  3.2
Fighting       | |  3.6

Action                     || total
---------------------------++-------
  Melee: Hand axe          ||    49
 Armour: Robe              ||    28
  Dodge: Dodged            ||    33

Table legend: (Time is in decaauts)
 A = Elapsed time spent in this place.
 B = Non-inter-level travel time spent in this place.
 C = Inter-level travel time spent in this place.
 D = Time resting spent in this place.
 E = Time spent auto-exploring this place.
 F = Levels seen in this place.
 G = Mean time per level.
                   A        B        C        D        E       F      G
               +--------+--------+--------+--------+--------+-----+--------+
         Total |    402 |    402 |      0 |    125 |      0 |   2 |  201.0 |
       Dungeon |    402 |    402 |      0 |    125 |      0 |   2 |  201.0 |
               +--------+--------+--------+--------+--------+-----+--------+

Top non-repeatable levels by time:
     D:2: 295 daAuts
     D:1: 107 daAuts
